 Dungeon Crawl Stone Soup version 0.24-a0-441-g27f0392e16 (webtiles) character file.

Game seed: 4512623814826374433

45994 MirrMurr the Unseen (level 14, 0/70 HPs)
             Began as a Spriggan Enchanter on June 18, 2019.
             Was the Champion of Dithmenos.
             Slain by a black mamba (11 damage)
             ... on level 6 of the Lair of Beasts on June 19, 2019.
             The game lasted 00:59:16 (23548 turns).

MirrMurr the Unseen (Spriggan Enchanter)           Turns: 23548, Time: 00:59:17

Health: 0/70       AC:  8    Str:  5    XL:     14   Next: 3%
Magic:  14/25      EV: 32    Int: 19    God:    Dithmenos [******]
Gold:   1002       SH:  8    Dex: 18    Spells: 12/27 levels left

rFire    + . .     SeeInvis +   a - +2 dagger (flame)
rCold    + . .     Gourm    .   k - +0 buckler
rNeg     . . .     Faith    .   M - +2 robe {rC+ rF+}
rPois    +         Spirit   .   D - +0 hat
rElec    .         Reflect  .   t - +0 cloak
rCorr    .         Harm     .   (gloves unavailable)
MR       ++...                  (boots unavailable)
Stlth    ++++++++++             (no amulet)
HPRegen  0.21/turn              P - +3 ring of protection
MPRegen  0.19/turn              p - ring of poison resistance

@: lethally poisoned (0 -> -7), confusing touch, wreathed by umbra, very quick
A: very small, unfitting armour, see invisible, herbivore, speed 3, slow
metabolism 2
a: Shadow Step, Shadow Form, Renounce Religion


You were on level 6 of the Lair of Beasts.
You worshipped Dithmenos.
Dithmenos was exalted by your worship.
You were not hungry.

You visited 3 branches of the dungeon, and saw 17 of its levels.
You also visited: Gauntlet.

You collected 1002 gold pieces.

Inventory:

Hand Weapons
 a - a +2 dagger of flaming (weapon)
 b - a +3 short sword of electrocution
 Q - a +4 scimitar of flaming
Missiles
 d - 2 throwing nets {!f}
 g - 443 stones (quivered)
 q - 49 poisoned darts
 N - 9 curare-tipped darts
 R - 45 sling bullets
Armour
 k - a +0 buckler (worn)
 t - a +0 cloak (worn)
 D - a +0 hat (worn)
 M - a +2 robe of resistance (worn)
Jewellery
 e - an uncursed ring of flight
 h - an uncursed ring of magical power
 i - an uncursed amulet of magic regeneration {unknown}
 p - a ring of poison resistance (right hand)
 G - an uncursed ring of positive energy
 O - an uncursed ring of protection from fire
 P - a +3 ring of protection (left hand)
 U - an uncursed ring of ice
 W - the ring of Niexysag {Fire *Contam +Fly Int+2}
   (You found it on level 5 of the Lair of Beasts)

   [ring of fire]

   It enhances your fire magic.
   It affects your intelligence (+2).
   It protects you from fire.
   It makes you vulnerable to cold.
   It lets you fly.
   It causes magical contamination when unequipped.
 X - an uncursed ring of see invisible {unknown}
Wands
 n - a wand of paralysis (8)
 s - a wand of clouds (14)
 u - a wand of acid (25)
 z - a wand of polymorph (21)
 A - a wand of digging (6)
 E - a wand of random effects (44)
 I - a wand of flame (32)
 S - a wand of disintegration (14)
Scrolls
 r - 2 scrolls of remove curse
 y - 3 scrolls of amnesia
 B - 7 scrolls of teleportation
 F - 6 scrolls of enchant weapon
 H - 4 scrolls of magic mapping
 J - 3 scrolls of fear
 K - 2 scrolls of immolation
 V - 4 scrolls of fog
Potions
 f - 4 potions of brilliance
 j - a potion of lignification
 l - 6 potions of curing
 m - a potion of magic
 o - 3 potions of haste
 v - 2 potions of berserk rage
 w - 4 potions of heal wounds
 x - 2 potions of agility
 C - 4 potions of might
 L - 2 potions of mutation
Miscellaneous
 T - a lamp of fire
Comestibles
 c - 22 rations


   Skills:
 + Level 6.6 Fighting
 - Level 10.0 Short Blades
 + Level 15.5 Dodging
 + Level 15.6 Stealth
 * Level 5.4 Shields
 + Level 7.2 Spellcasting
 - Level 10.0 Hexes
 * Level 9.9 Invocations


You had 12 spell levels left.
You knew the following spells:

 Your Spells              Type           Power        Failure   Level  Hunger
a - Ensorcelled Hibernat  Hex/Ice        ####..       2%          2    None
b - Confuse               Hex            #####...     1%          3    #......
c - Tukima's Dance        Hex            #####...     1%          3    #......
d - Dazzling Spray        Conj/Hex       ####..       4%          3    #......
e - Poisonous Vapours     Pois/Air       #.....       17%         2    None
m - Confusing Touch       Hex            #####.       1%          1    None
A - Apportation           Tloc           #.....       11%         1    None

Your spell library contained the following spells:

 Spells                   Type           Power        Failure   Level  Hunger
 Corona                   Hex            #####..      1%          1    None
 Animate Skeleton         Necr           N/A          11%         1    None
 Beastly Appendage        Tmut           #.....       11%         1    None
 Sting                    Conj/Pois      #...         11%         1    None
 Summon Small Mammal      Summ           #...         11%         1    None
 Sticks to Snakes         Tmut           #.......     17%         2    None
 Gell's Gravitas          Tloc           #.........   32%         3    #......
 Mephitic Cloud           Conj/Pois/Air  #.......     32%         3    #......
 Spider Form              Tmut/Pois      #.........   32%         3    #......
 Metabolic Englaciation   Hex/Ice        ####......   36%         5    #####..
 Yara's Violent Unravell  Hex/Tmut       ####......   36%         5    #####..
 Ice Form                 Ice/Tmut       #.......     73%         4    ###....
 Olgreb's Toxic Radiance  Pois           #.......     73%         4    ###....
 Petrify                  Tmut/Erth      #.......     73%         4    ###....
 Blade Hands              Tmut           #.........   97%         5    #####..
 Venom Bolt               Conj/Pois      #.........   97%         5    #####..


Dungeon Overview and Level Annotations

Branches:
Dungeon (10/15)            Temple (1/1) D:4            Lair (6/6) D:10
  Swamp (0/4) Lair:4       Spider (0/4) Lair:2
  Slime: Lair:5-6       Orc: D:9-12

Altars:
Ashenzari
Cheibriados
Dithmenos
Elyvilon
Fedhas
Gozag
Hepliaklqana
Kikubaaqudgha
Makhleb
Nemelex Xobeh
Okawaru
Qazlal
Ru
Sif Muna
Trog
Uskayaw
Vehumet
Wu Jian
Xom
Yredelemnul
Zin
The Shining One

Annotations:
D:8 2 transporters, Elric's ghost, journeyman GnFi


Innate Abilities, Weirdness & Mutations

You are very small and have problems with some larger weapons.
You are too small for most types of armour.
You have supernaturally acute eyesight. (SInv)
You are a herbivore.
You cover ground extremely quickly.
You need to consume almost no food.


Message History

You feel sick.
A spiny frog comes into view.
You feel sick.
Casting: Ensorcelled Hibernation (safe; 2% risk of failure)
Confirm with . or Enter, or press ? or * to list all spells.
Aiming: Confuse (safe; 1% risk of failure)
Press: ? - help, Shift-Dir - straight line, f/p - blink frog
Aim: a blink frog (lightly wounded, umbra, chance to defeat MR: 51%)
The blink frog appears confused.
Your shadow mimicks your spell!
The blink frog easily resists.
You feel sick. The black mamba misses you. The black mamba closely misses you.
You feel sick.
You feel sick.
You feel sick.
You feel sick.
Casting: Confuse (safe; 1% risk of failure)
Confirm with . or Enter, or press ? or * to list all spells.
Your hands begin to glow red.
You feel sick. The black mamba bites you!
You die...

#..###....##......#..§§###
##..........P.....#..§§§§#y
#.#...............##..§§§§§
##......................§§#
##...P...###.....F.....§##
###.......###....##F...y###
#...##P...#......#.....####
##...................##.#..
#........@S...............
##........................
#.........................
##.....P#......F...........
#.#...#####................
##....#####................
#P..##....##..............
#P...#...P#..............F
#....#....................


You could see a black mamba and a spiny frog.

Vanquished Creatures
  6 hydras
  Erica (D:9)
  Nergalle (Lair:4)
  Pikel (D:6)
  15 elephants
  4 black mambas
  An ice statue (Lair:2)
  17 spiny frogs
  3 rime drakes
  5 komodo dragons
  An ice devil (Lair:2)
  A troll (D:10)
  2 tyrant leeches
  A polar bear (Lair:2)
  8 blink frogs
  Grinder (D:3)
  A jumping spider (Lair:2)
  6 dream sheep (Lair:4)
  5 hippogriffs
  6 redbacks
  Sigmund (D:6)
  Eustachio (D:6)
  40 yaks
  4 wyverns
  A steam dragon (D:9)
  2 basilisks (Lair:3)
  Menkaure (D:4)
  5 swamp worms (Lair:4)
  Edmund (D:5)
  5 vampire mosquitoes
  28 water moccasins
  12 porcupines
  A black bear (Lair:2)
  3 orc warriors
  7 sky beasts
  13 ice beasts
  3 phantoms
  7 wolves
  6 ogres
  2 centaurs
  15 crocodiles
  17 bullfrogs
  7 scorpions
  7 killer bees (D:10)
  An electric eel (Lair:1)
  3 howler monkeys (D:8)
  A crimson imp (D:5)
  A bullfrog zombie (D:7)
  2 quasits
  5 orc priests
  A bullfrog skeleton (D:9)
  5 hounds
  Crazy Yiuf (D:6)
  3 centaur skeletons
  Ijyb (D:3)
  5 orc wizards
  3 iguanas
  3 worker ants
  A killer bee zombie (D:7)
  A hound skeleton (D:9)
  A howler monkey zombie (D:6)
  A worker ant zombie (D:8)
  4 gnolls (D:9)
  23 adders
  A shadow imp (D:9)
  2 white imps (Lair:2)
  2 oozes
  An adder skeleton (D:7)
  An adder zombie (D:7)
  3 worms
  2 dart slugs
  7 leopard geckos
  18 orcs
  5 giant cockroaches
  3 goblins (D:2)
  5 hobgoblins
  7 jackals
  12 kobolds
  2 quokkas (D:2)
  6 bats
  7 frilled lizards
  A jackal skeleton (D:7)
  10 rats
  A fungus (D:6)
437 creatures vanquished.

Vanquished Creatures (others)
  13 fungi
  39 plants
52 creatures vanquished.

Grand Total: 489 creatures vanquished

Notes
Turn   | Place    | Note
-------+----------+-------------------------------------------
     0 | D:1      | MirrMurr the Spriggan Enchanter began the quest for the
                  | Orb.
     0 | D:1      | Reached XP level 1. HP: 9/9 MP: 5/5
  1075 | D:1      | Reached XP level 2. HP: 13/13 MP: 6/6
  1088 | D:1      | Reached skill level 5 in Stealth
  1092 | D:1      | Learned a level 2 spell: Ensorcelled Hibernation
  1514 | D:2      | Found a blossoming altar of Fedhas.
  1543 | D:2      | Reached XP level 3. HP: 12/16 MP: 4/8
  1696 | D:2      | Found a glowing silver altar of Zin.
  2046 | D:2      | Found a glowing golden altar of the Shining One.
  2046 | D:2      | Found a snail-covered altar of Cheibriados.
  2415 | D:2      | Found a shadowy altar of Dithmenos.
  2417 | D:2      | Found an ancient bone altar of Kikubaaqudgha.
  2555 | D:3      | Noticed Ijyb
  2561 | D:3      | Killed Ijyb
  2561 | D:3      | Reached XP level 4. HP: 21/21 MP: 9/9
  2872 | D:3      | Noticed Grinder
  2890 | D:2      | Learned a level 3 spell: Confuse
  2920 | D:3      | Killed Grinder
  2920 | D:3      | Reached XP level 5. HP: 16/24 MP: 6/10
  2920 | D:3      | Reached XP level 6. HP: 19/28 MP: 6/11
  3077 | D:2      | Became a worshipper of Dithmenos the Shadowed
  3157 | D:3      | Found a faded altar of an unknown god.
  3691 | D:4      | Noticed Menkaure
  3704 | D:4      | Killed Menkaure
  3704 | D:4      | Reached skill level 5 in Short Blades
  3779 | D:4      | Found an ornate altar of the Wu Jian Council.
  3806 | D:4      | Found an iron altar of Okawaru.
  3921 | D:4      | Found a basalt altar of Yredelemnul.
  3933 | D:4      | Found a staircase to the Ecumenical Temple.
  4014 | Temple   | Entered the Ecumenical Temple
  4208 | D:4      | Reached XP level 7. HP: 32/32 MP: 13/13
  4220 | D:4      | Reached skill level 5 in Hexes
  4515 | D:5      | Entered Level 5 of the Dungeon
  4920 | D:5      | Reached * piety under Dithmenos
  5002 | D:5      | Noticed Edmund
  5029 | D:5      | Killed Edmund
  5029 | D:5      | Reached XP level 8. HP: 36/36 MP: 8/15
  5175 | D:5      | Reached skill level 1 in Fighting
  5194 | D:5      | Found a hazy altar of Hepliaklqana.
  5865 | D:5      | Found a hazy altar of Hepliaklqana.
  6070 | D:5      | Reached skill level 5 in Dodging
  6189 | D:5      | Learned a level 3 spell: Tukima's Dance
  6193 | D:5      | Learned a level 3 spell: Dazzling Spray
  7098 | D:6      | Noticed Sigmund
  7110 | D:6      | Killed Sigmund
  7189 | D:6      | Noticed Eustachio
  7193 | D:6      | Killed Eustachio
  7346 | D:6      | Noticed Pikel
  7364 | D:6      | Killed Pikel
  7364 | D:6      | Reached XP level 9. HP: 42/46 MP: 4/16
  7872 | D:6      | Found a runed translucent door.
  7873 | D:6      | Noticed Crazy Yiuf
  7889 | D:6      | Killed Crazy Yiuf
  8441 | D:7      | Found a burning altar of Makhleb.
  8506 | D:7      | Found a sparkling altar of Nemelex Xobeh.
  8535 | D:7      | Reached ** piety under Dithmenos
  8591 | D:7      | Found a shattered altar of Ashenzari.
  8606 | D:7      | Reached skill level 10 in Dodging
  8606 | D:7      | Reached skill level 10 in Stealth
  9135 | D:8      | Reached skill level 1 in Invocations
  9218 | D:8      | Found a transporter.
  9233 | D:8      | Noticed Elric's ghost (journeyman GnFi)
  9235 | D:8      | Found a transporter.
  9235 | D:8      | Identified the +4 great mace "Hydrabane" {chaos, rF+}
  9235 | D:8      | Noticed a two-headed ogre
  9332 | D:8      | Learned a level 1 spell: Confusing Touch
  9711 | D:9      | Reached XP level 10. HP: 51/51 MP: 13/17
  9786 | D:9      | Noticed Erica
  9808 | D:9      | Killed Erica
 10015 | D:9      | Found a shimmering altar of Xom.
 10499 | D:10     | Entered Level 10 of the Dungeon
 10605 | D:10     | Found a staircase to the Lair.
 10706 | D:10     | Reached *** piety under Dithmenos
 10898 | D:10     | Reached skill level 5 in Invocations
 10952 | D:10     | Reached XP level 11. HP: 54/54 MP: 14/18
 11215 | D:10     | Learned a level 1 spell: Apportation
 11896 | Lair:1   | Entered Level 1 of the Lair of Beasts
 11924 | D:10     | Reached **** piety under Dithmenos
 11924 | D:10     | Reached skill level 5 in Fighting
 12049 | Lair:1   | Reached skill level 5 in Spellcasting
 12411 | Lair:1   | Noticed a four-headed hydra
 12418 | Lair:1   | Killed a four-headed hydra
 13693 | Lair:1   | Reached XP level 12. HP: 60/60 MP: 19/22
 13974 | Lair:2   | Reached ***** piety under Dithmenos
 14077 | Lair:2   | Found a hole to the Spider Nest.
 14858 | Lair:2   | Reached skill level 10 in Hexes
 15009 | Lair:2   | Reached skill level 1 in Shields
 15768 | Lair:3   | Reached skill level 10 in Short Blades
 16399 | Lair:3   | Noticed an eight-headed hydra
 16405 | Lair:3   | Killed an eight-headed hydra
 16569 | Lair:3   | Reached XP level 13. HP: 65/65 MP: 18/23
 17058 | Lair:4   | Upgraded the game from 0.24-a0-439-g6dd8730de2 to
                  | 0.24-a0-441-g27f0392e16
 17152 | Lair:4   | Reached skill level 15 in Stealth
 17231 | Lair:4   | Noticed Nergalle
 17601 | Lair:4   | Learned a level 2 spell: Poisonous Vapours
 18939 | Lair:4   | Reached skill level 15 in Dodging
 19248 | Lair:4   | Killed Nergalle
 19793 | Lair:4   | Found a staircase to the Swamp.
 20569 | Lair:5   | Got a flickering lapis lazuli ring
 20570 | Lair:5   | Identified the ring of Niexysag {Fire *Contam +Fly Int+2}
                  | (You found it on level 5 of the Lair of Beasts)
 20619 | Lair:5   | Found a gate leading to a gauntlet.
 20638 | Gauntlet | Entered a Gauntlet
 20638 | Gauntlet | Found a transporter.
 20648 | Gauntlet | Found a transporter.
 20655 | Gauntlet | Found a runed translucent door.
 20658 | Gauntlet | Found a transporter.
 20667 | Gauntlet | Found a transporter.
 20682 | Gauntlet | Found a transporter.
 20692 | Gauntlet | Found a transporter.
 20702 | Gauntlet | Found a transporter.
 20707 | Gauntlet | Found a transporter.
 20735 | Gauntlet | Found a transporter.
 20735 | Gauntlet | Found a transporter.
 20743 | Gauntlet | Found a transporter.
 20789 | Gauntlet | Found a transporter.
 20792 | Gauntlet | Found a transporter.
 20855 | Gauntlet | Found a transporter.
 21097 | Lair:6   | Entered Level 6 of the Lair of Beasts
 22496 | Lair:6   | Reached skill level 5 in Shields
 22611 | Lair:5   | Reached ****** piety under Dithmenos
 23335 | Lair:5   | Reached XP level 14. HP: 70/70 MP: 14/25
 23548 | Lair:6   | Slain by a black mamba

Levels and vault maps discovered:
D:1:      ebering_trefoil_twist, layout_loops_ring
D:2:      layout_loops_ring, nicolae_overflow_hidden_temple, st_stairs_5,
          fedhas_altar_2
D:3:      layout_loops_corners, chequers_ecumenical_altar_island, uniq_ijyb,
          uniq_grinder
D:4:      layout_loops_cross, old_standard_altar, kennysheep_mini_moat,
          old_standard_altar, minmay_temple_entry_antechambers, uniq_menkaure
D:5:      layout_basic, old_standard_altar, first_ration, uniq_edmund
D:6:      layout_loops_ring, uniq_sigmund, uniq_pikel, uniq_crazy_yiuf_cottage,
          uniq_eustachio
D:7:      layout_cave_pools, grunt_temple_overflow_open, grunt_ogre_cave,
          minmay_misc_feat_tower
D:8:      layout_loops_cross, gammafunk_ghost_smash
D:9:      layout_cave_pools, nicolae_overflow_crystal_walls, uniq_erica
D:10:     layout_roguey, minmay_lair_entry_grove
Temple:   dpeg_three_leaves_temple
Lair:1:   lemuel_reptile_caves, layout_chaotic_city, infiniplex_staircase_pool,
          grunt_megastairs_3
Lair:2:   layout_regular_city, nicolae_spider_entry_tight_spaces, ice2_lemuel,
          lemuel_fruit_tree, grunt_megastairs_1, serial_bayou_shore_a
Lair:3:   layout_regular_city, beast_lair_carwin_11
Lair:4:   layout_gridlike, palyth_hydra_swamp_entry, uniq_nergalle
Lair:5:   layout_concentric_octagons, gauntlet_entry_generic,
          infiniplex_staircase_pool_2, grunt_megastairs_2
Lair:6:   minmay_lair_end_frog_pond, layout_regular_city, slime_altar_1,
          disabler_island

Skill      XL: |  1  2  3  4  5  6  7  8  9 10 11 12 13 |
---------------+----------------------------------------+-----
Stealth        | 5 6 8 10 12 13 14 15 | 15.6
Short Blades   | 2 3 4 5 7 8 9 10 | 10.0
Spellcasting   | 3 4 6 7 |  7.2
Hexes          | 4 8 9 10 | 10.0
Fighting       | 4 5 6 |  6.6
Dodging        | 8 10 12 13 14 15 | 15.5
Invocations    | 1 5 6 8 9 |  9.9
Shields        | 3 5 |  5.4

Action                   |  1- 3 |  4- 6 |  7- 9 | 10-12 | 13-15 || total
-------------------------+-------+-------+-------+-------+-------++-------
Melee: Dagger            |   107 |    47 |   170 |   366 |   232 ||   922
       Short sword       |    29 |    37 |    79 |   156 |    14 ||   315
 Cast: Corona            |     4 |       |       |       |       ||     4
       Ensorcelled Hiber |    14 |    13 |    68 |   178 |   136 ||   409
       Confuse           |       |     2 |    10 |    34 |    14 ||    60
       Confusing Touch   |       |       |       |     4 |     8 ||    12
       Dazzling Spray    |       |       |       |       |     5 ||     5
       Poisonous Vapours |       |       |       |       |     3 ||     3
  Use: Scroll            |     5 |     4 |    11 |    18 |     1 ||    39
       Potion            |       |       |       |     2 |       ||     2
 Stab: Sleeping          |    17 |    16 |    49 |   131 |    80 ||   293
       Distracted        |     2 |       |     1 |     2 |     1 ||     6
       Confused          |       |     2 |     7 |    27 |    13 ||    49
       Invisible         |       |       |       |       |     1 ||     1
  Eat: Ration            |       |     1 |     5 |     5 |     3 ||    14
Armor: Robe              |    16 |     4 |     9 |    22 |    12 ||    63
Dodge: Dodged            |    91 |    52 |   141 |   394 |   309 ||   987
Block: Buckler           |       |    11 |    51 |   138 |    86 ||   286

Table legend:
 A = Non-vault XP
 B = Vault XP
 C = Vault XP percentage of total XP
 D = Non-vault monster count
 E = Vault monster count
 F = Vault count percentage of total count
                 A         B        C        D         E       F
            +---------+---------+-------+---------+---------+-------
      Total |   40185 |   25522 |  38.8 |     314 |     122 |  28.0
            +---------+---------+-------+---------+---------+-------
        D:1 |      22 |       0 |   0.0 |      14 |       0 |   0.0
        D:2 |      69 |       2 |   2.8 |      24 |       2 |   7.7
        D:3 |      46 |     308 |  87.0 |      18 |       2 |  10.0
        D:4 |     197 |     172 |  46.6 |      13 |       1 |   7.1
        D:5 |     866 |     169 |  16.3 |      22 |       1 |   4.3
        D:6 |     435 |    1099 |  71.6 |       8 |       4 |  33.3
        D:7 |    1325 |     122 |   8.4 |      25 |       1 |   3.8
        D:8 |     666 |       0 |   0.0 |      16 |       0 |   0.0
        D:9 |    1375 |     918 |  40.0 |      18 |       1 |   5.3
       D:10 |    4183 |    1663 |  28.4 |      33 |      12 |  26.7
     Lair:1 |    4417 |    4382 |  49.8 |      22 |      36 |  62.1
     Lair:2 |    4751 |    3669 |  43.6 |      22 |      20 |  47.6
     Lair:3 |    8571 |     465 |   5.1 |      26 |       3 |  10.3
     Lair:4 |    7846 |    3654 |  31.8 |      27 |       9 |  25.0
     Lair:5 |    4014 |    5938 |  59.7 |      20 |      20 |  50.0
     Lair:6 |    1402 |    2961 |  67.9 |       6 |      10 |  62.5
            +---------+---------+-------+---------+---------+-------
